[Event "Maria Albulet Memorial 2018"]
[Site "Braila"]
[Date "2018.11.07"]
[Round "6"]
[White "Otetea, Ioana"]
[Black "Uzuneanu, Gabriela"]
[Result "1-0"]
[ECO "C28"]
[WhiteElo "1602"]
[BlackElo "1571"]
[Annotator "NA RC"]
[PlyCount "119"]
[EventDate "2018.11.03"]
[EventType "swiss"]
[EventCountry "ROU"]
[SourceTitle "playchess.com"]
[Source "ChessBase"]
[SourceQuality "1"]
[TimeControl "40/5400+30:900+30"]

1. e4 e5 2. Nc3 Nc6 3. Bc4 Nf6 4. d3 h6 5. Nge2 Bc5 6. O-O d6 7. h3 Be6 8. Bb3 O-O 9. Ng3 Qd7 10. Kh2 Nh7 11. f4 Bxb3 12. axb3 exf4 13. Bxf4 Ne7 14. d4 Bb6 15. Be3 Rad8 16. Qf3 a6 17. Nh5 Ng6 18. Nd5 f6 19. Qg3 Qe8 20. Ndf4 Ng5 21. h4 Nxf4 22. Nxf4 Nxe4 23. Qh3 f5 24. Nd5 Qd7 25. Rxf5 Rxf5 26. Qxf5 Qxf5 27. Ne7+ Kh7 28. Nxf5 Re8 29. c3 g6 30. Nxh6 Nxc3 31. Ng4 Nd5 32. Bg1 Re4 33. Kg3 Kg7 34. Rd1 Re2 35. Kf3 Rxb2 36. Rd3 Ne7 37. g3 Nc6 38. Ke4 Na5 39. b4 Rxb4 40. Rf3 Rb3 41. Be3 d5+ 42. Kxd5 Rb5+ 43. Ke6 Rf5 44. Rxf5 gxf5 45. Kxf5 Nc6 46. d5 Ne7+ 47. Ke6 Bxe3 48. Nxe3 Ng6 49. Kd7 b5 50. Kxc7 b4 51. d6 Ne5 52. Nc4 b3 53. Nb2 a5 54. d7 Nxd7 55. Kxd7 Kg6 56. Kc6 a4 57. Nxa4 Kf5 58. Kd5 Kg4 59. Kc4 Kxg3 60. h5 1-0

[Event "Maria Albulet Memorial 2018"]
[Site "Braila"]
[Date "2018.11.07"]
[Round "6"]
[White "Maria, Lia-Alexandra"]
[Black "Hrib, Andrada-Ioana"]
[Result "0-1"]
[ECO "D37"]
[WhiteElo "1479"]
[BlackElo "1770"]
[Annotator "NA RC"]
[PlyCount "148"]
[EventDate "2018.11.03"]
[EventType "swiss"]
[EventCountry "ROU"]
[SourceTitle "playchess.com"]
[Source "ChessBase"]
[SourceQuality "1"]
[TimeControl "40/5400+30:900+30"]

1. d4 d5 2. c4 e6 3. Nf3 Nf6 4. Nc3 Be7 5. Bf4 O-O 6. e3 c5 7. Be2 a6 8. dxc5 Bxc5 9. cxd5 Nxd5 10. Nxd5 exd5 11. O-O Nc6 12. Rc1 Ba7 13. Ne5 Ne7 14. Nf3 Bf5 15. Nd4 Be4 16. Bc7 Qe8 17. Bd6 Qd7 18. Bg3 Bb8 19. Bxb8 Raxb8 20. Bg4 Qd6 21. Qe2 Qg6 22. Rfd1 Qb6 23. Nb3 Rfd8 24. Nc5 Bf5 25. Bf3 Rbc8 26. Nb3 Rxc1 27. Rxc1 Nc6 28. Nc5 h6 29. b3 Ne5 30. a3 a5 31. g4 Bg6 32. Bg2 Rc8 33. Nd3 Rxc1+ 34. Nxc1 Qc5 35. Qd1 Qxa3 36. Bxd5 b5 37. h3 Qc5 38. Bg2 f5 39. gxf5 Bxf5 40. Ne2 Kh7 41. Ng3 Bg6 42. h4 Bc2 43. Qd8 Ng4 44. Qd7 Nf6 45. Qd2 a4 46. bxa4 bxa4 47. Ne2 Bg6 48. Nc3 a3 49. Na2 Ne4 50. Qe2 Nc3 51. Qd2 Nxa2 52. Qxa2 Qc1+ 53. Kh2 Qb2 54. Bd5 Bb1 55. Qxb2 axb2 56. Kg3 Bc2 57. Ba2 b1=Q 58. Bxb1 Bxb1 59. Kf4 Kg6 60. f3 Kf6 61. e4 Bc2 62. Kg4 Ke5 63. Kh5 Kf6 64. Kg4 Ke5 65. Kh5 Bd1 66. Kg4 Be2 67. h5 Bd1 68. Kg3 Ba4 69. Kh4 Kf4 70. Kh3 Be8 71. e5 Kxe5 72. Kg4 Bd7+ 73. Kh4 Kf5 74. f4 Be8 0-1